Map: Orbital Shipyard

Players

LilDicky - Winner!

  • Race: Terran Terran
  • League: Diamond

Finch

  • Race: Terran Terran
  • League: Silver

VOD

http://www.twitch.tv/tumescentpie

Description

Time

  • Played on: Jan. 3, 2016, 5:23 p.m.
  • Length: 8:29
Show
View Real Time Build Order
Export as new Build Order

LilDicky Terran - Winner!

Build Orders: 1/1/1, Liberator Opening 

Get SALT Encoding   

  12  0:01  SCV  
  13  0:13  SCV  
  14  0:19  Supply Depot  
  14  0:25  SCV  
  14  0:27  Refinery  
  15  0:41  SCV  
  16  0:46  Barracks  
  16  0:53  SCV  
  17  1:05  SCV  
  18  1:17  SCV  
  19  1:28  Refinery  
  19  1:29  SCV  
  20  1:34  Marine  
  20  1:35  Supply Depot  
  21  1:42  Factory  
  21  1:43  Orbital Command  
  21  1:52  Marine  
  22  2:10  Marine  
  22  2:12  SCV  
  24  2:26  Factory Tech Lab, Starport  
  24  2:29  Marine  
  25  2:35  SCV  
  26  2:39  Supply Depot  
  26  2:46  Liberator  
  26  2:47  SCV, Marine  
  28  2:55  Siege Tank  
  34  3:07  SCV  
  34  3:09  Supply Depot  
  35  3:14  Marine  
  35  3:15  Engineering Bay  
  37  3:20  SCV  
  37  3:30  Siege Tank  
  37  3:32  SCV  
  41  3:38  Supply Depot  
  41  3:44  SCV  
  41  3:46  Viking  
  44  3:48  Missile Turret  
  32  4:14  Marine  
  32  4:15  Siege Tank  
  28  4:34  Marine  
  28  4:36  SCV  
  30  4:48  SCV  
  30  4:52  Marine  
  32  5:00  SCV, Siege Tank  
  32  5:04  Liberator  
  32  5:07  Supply Depot  
  36  5:10  Marine  
  36  5:12  SCV  
  38  5:24  SCV  
  42  5:37  SCV  
  43  5:44  Supply Depot  
  43  5:46  Command Center  
  43  5:47  Siege Tank  
  43  5:49  SCV  
  47  6:01  Marine  
  47  6:02  SCV  
  49  6:05  Medivac  
  51  6:14  SCV  
  51  6:17  Supply Depot  
  52  6:26  SCV  
  52  6:27  Marine  
  54  6:34  Liberator  
  54  6:50  Marine  
  58  6:58  Command Center  
  58  6:59  Orbital Command  
  58  7:01  Refinery  
  58  7:03  Refinery  
  57  7:23  SCV, Siege Tank  
  57  7:24  Marine  
  57  7:33  Missile Turret  
  57  7:35  SCV  
Show
View Real Time Build Order
Export as new Build Order

Finch Terran 

Build Orders:  

Get SALT Encoding   

  12  0:01  SCV  
  13  0:17  Supply Depot  
  13  0:42  Barracks  
  13  0:47  Barracks  
  13  0:53  SCV  
  14  1:01  Supply Depot  
  14  1:11  Supply Depot  
  14  1:32  Marine  
  15  1:33  Barracks  
  15  1:37  Marine  
  16  1:52  Barracks  
  16  1:56  Marine  
  16  2:00  Marine  
  18  2:05  SCV  
  19  2:14  Marine  
  20  2:19  Marine  
  20  2:21  Marine  
  22  2:23  SCV  
  23  2:32  Marine  
  24  2:37  Marine  
  24  2:38  Marine  
  26  2:45  Supply Depot  
  26  2:47  Marine  
  27  2:52  SCV  
  27  2:55  Marine  
  29  2:59  Marine  
  29  3:04  Marine  
  31  3:07  Marine  
  32  3:13  Marine  
  32  3:17  Marine  
  34  3:22  Marine  
  34  3:25  Marine  
  36  3:31  Marine  
  37  3:35  Marine  
  37  3:40  Marine  
  39  3:43  Marine  
  39  3:49  Marine  
  29  4:13  Marine x3  
  29  4:16  Marine  
  22  4:31  Marine x3  
  20  4:34  Marine  
  23  4:43  Refinery, Orbital Command  
  23  4:48  Marine  
  23  4:49  Refinery, Marine x2  
  23  4:51  Marine  
  27  5:06  Marine x2  
  28  5:09  SCV  
  28  5:11  Marine x2  
  32  5:21  SCV  
  33  5:41  Marine x2  
  37  5:56  Supply Depot  
  37  5:59  Barracks Reactor  
  37  6:00  Barracks Reactor  
  37  6:03  Barracks Reactor x2  
  35  6:08  Barracks  
  35  6:39  Marine x4  
  38  6:40  Marine  
  38  6:42  Marine  
  40  6:56  Barracks  
  39  7:06  Marine x2  
Tags
 
Add a new tag
Caveats
  • Supply blocks, unpowered buildings, or Contaminate may cause inaccurate times.
  • Supply counts are checked every 10 seconds.